[Event "Early-Titled-Tuesday-Blitz-October-24-2023"]
[Site "Chess.com"]
[Date "2023.10.24"]
[Round "8"]
[White "dennisodessa"]
[Black "itsdsyr"]
[Result "1-0"]
[WhiteElo "2541"]
[BlackElo "2281"]
[TimeControl "180+1"]
[EndTime "9:29:12 PDT"]
[Termination "dennisodessa won by resignation"]

1. d4 Nf6 2. c4 e6 3. Nc3 Bb4 4.
Qc2 O-O 5. a3 Bxc3+ 6. Qxc3 d5 7. Bg5 a6 8. Nf3 h6 9. Bxf6 gxf6 10. e3 dxc4 11. a4 Nc6 12. Bxc4 Qd6 13. O-O Qb4 14. Rfc1 Qxc3 15. bxc3 Bd7 16. Nd2 Na5 17. Be2 Kg7 18.
Rcb1 Rab8 19. Rb4 Nc6 20. Rb2 Na5 21. Nc4 Nxc4 22. Bxc4 Rfc8 23. Rab1 c5 24. Bxa6 cxd4 25. cxd4 Bxa4 26. Rxb7 Rxb7 27. Bxb7 Rb8 28. h4 Bc6 29.
Bxc6 Rxb1+ 30. Kh2 f5 31. g3 Rb2 32. Kg2 Kf6 33.
Bf3 Ke7 34. Bc6 f6 35. Ba8 Kd6 36. Bf3 e5 37. dxe5+ fxe5 38. Bh5 Ke6 39. g4 fxg4 40. Bxg4+ Kf6 41. Kg3 e4 42. Bh3 Ke5 43. Bg2 Rb8 44. Bf1 Rf8 45. Be2 Kd5 46. Bd1 Kc4 47. f3 Kd3 48. fxe4 Kxe4 49. Bc2+ Kxe3 50. h5 Rf3+ 51. Kg4 Rf4+ 52. Kg3 Rc4 53. Bg6 Rc5 54. Be8 Rg5+ 55. Kh3 Kf4 56. Kh4 Re5 57. Bg6 Re1 58. Kh3 Kf3 59. Kh2 Re2+ 60. Kh3 Rb2 61. Bf7 Kf4 62.
Bg6 Rb3+ 63. Kh2 Kg4 64. Kg2 Rb2+ 65. Kf1 Kg3 66. Ke1 Kf3 67. Bf7 Re2+ 68. Kd1 Rb2 69. Bg6 Ke3 70. Bh7 Rd2+ 71. Kc1 Rh2 72. Bg6 Kd4 73.
Kd1 Kc3 74. Ke1 Kd4 75. Kf1 Ke3 76. Kg1 Rb2 77. Be8 Re2 78. Bb5 Rb2 79. Be8 Kf3 80. Bg6 Rg2+ 81. Kf1 Rb2 82. Kg1 Kg3 83. Kf1 Ra2 84.
Ke1 Ra1+ 85. Ke2 Kg2 86. Ke3 Ra2 87. Kf4 Kf2 88. Kf5 Ra3 89. Kf6 Ra6+ 90. Kg7 Kg3 91. Kxh6 Kh4 92. Kg7 Ra5 93. h6 Ra7+ 94. Bf7 Ra8 95.
h7 Kg5 96. Bg6 Rb8 97. Bf7 Ra8 98. Be6 Rb8 99. Bd5 Rc8 100. Be6 Rb8 101. Bf7 Kf5 102. Bg6+ Ke5 103. Bh5 Ke6 104. Bf7+ Ke5 105. Bh5 Ra8 106. Bf7 Rb8 107. Bg8 Kd6 108. h8=Q Rb7+ 109. Kh6 Kc5 110. Qe5+ Kb6 111. Qd4+ Kc7 112. Bd5 Rb6+ 113. Kg5 Rd6 114. Qc5+ Kd7 115. Kf5 Ke7 116. Ke5 Kd7 117. Qxd6+ 1-0

[Event "Early-Titled-Tuesday-Blitz-October-24-2023"]
[Site "Chess.com"]
[Date "2023.10.24"]
[Round "9"]
[White "Aash20"]
[Black "miraitrunks"]
[Result "1-0"]
[WhiteElo "2505"]
[BlackElo "2099"]
[TimeControl "180+1"]
[EndTime "9:37:11 PDT"]
[Termination "Aash20 won by checkmate"]

1. e4 c5 2. Nf3 d6 3. d4 cxd4 4.
Qxd4 Nf6 5. e5 Nc6 6. Bb5 Nd7 7. Bxc6 bxc6 8. exd6 exd6 9. O-O f6 10. Qe4+ Kf7 11.
Qxc6 Rb8 12. Qd5+ Kg6 13. Nh4# 1-0

[Event "Early-Titled-Tuesday-Blitz-October-24-2023"]
[Site "Chess.com"]
[Date "2023.10.24"]
[Round "9"]
[White "Nick12772"]
[Black "zajka-molotok"]
[Result "0-1"]
[WhiteElo "2372"]
[BlackElo "2545"]
[TimeControl "180+1"]
[EndTime "9:38:29 PDT"]
[Termination "zajka-molotok won by resignation"]

1. Nf3 g6 2. g3 Bg7 3. Bg2 e5 4.
c4 e4 5. Ng1 f5 6. Nc3 Nf6 7.
d3 exd3 8. Qxd3 O-O 9. e3 Nc6 10.
Nf3 d6 11. O-O Ne5 12. Nxe5 dxe5 13. Rd1 Qxd3 14. Rxd3 e4 15. Rd1 Be6 16. Bf1 Rad8 17. Bd2 Ng4 18. Be1 Ne5 19. b3 Nf3+ 20. Kg2 Nxe1+ 21.
Rxe1 Bxc3 0-1

[Event "Early-Titled-Tuesday-Blitz-October-24-2023"]
[Site "Chess.com"]
[Date "2023.10.24"]
[Round "9"]
[White "K_A_S_T_O_R"]
[Black "lefonghua"]
[Result "0-1"]
[WhiteElo "2860"]
[BlackElo "2709"]
[TimeControl "180+1"]
[EndTime "9:38:30 PDT"]
[Termination "lefonghua won by resignation"]

1. e4 c5 2. Nf3 g6 3. d4 cxd4 4. Nxd4 Bg7 5. c4 Nc6 6. Be3 Nf6 7. Nc3 d6 8. Be2 O-O 9. O-O Bd7 10. Qd2 Nxd4 11.
Bxd4 a5 12. b3 Bc6 13. f3 Nd7 14. Bf2 Nc5 15. Rab1 Qb6 16. a3 Qd8 17. Bd1 h5 18. Bc2 Kh7 19. b4 axb4 20. axb4 Na4 21. Bxa4 Bxa4 22.
b5 Qa5 23. Bd4 Rfc8 24. Qd3 Bc2 0-1

[Event "Early-Titled-Tuesday-Blitz-October-24-2023"]
[Site "Chess.com"]
[Date "2023.10.24"]
[Round "9"]
[White "ExchangeAB"]
[Black "Buzhizhebuguai"]
[Result "1-0"]
[WhiteElo "2555"]
[BlackElo "2609"]
[TimeControl "180+1"]
[EndTime "9:38:45 PDT"]
[Termination "ExchangeAB won by resignation"]

1. d4 Nf6 2. Nc3 d5 3. Bf4 a6 4. e3 e6 5. a4 c5 6. dxc5 Bxc5 7. Bd3 Nc6 8. Nf3 h6 9. O-O O-O 10. e4 dxe4 11. Nxe4 Nxe4 12. Bxe4 Qe7 13. c3 e5 14. Be3 Bxe3 15. fxe3 Bg4 16. Qb3 Rac8 17. h3 Bxf3 18.
Rxf3 Kh8 19. Raf1 Na5 20. Rxf7 Rxf7 21. Qxf7 Qc5 22. Qg6 1-0

[Event "Early-Titled-Tuesday-Blitz-October-24-2023"]
[Site "Chess.com"]
[Date "2023.10.24"]
[Round "9"]
[White "IsaqueGoncalvesSanto"]
[Black "InitiatingASC"]
[Result "0-1"]
[WhiteElo "1842"]
[BlackElo "2332"]
[TimeControl "180+1"]
[EndTime "9:38:49 PDT"]
[Termination "InitiatingASC won by checkmate"]

1. d4 Nf6 2. c4 e6 3. Nc3 c5 4.
e3 cxd4 5. exd4 b6 6. Nf3 Bb7 7. Be2 Be7 8. O-O O-O 9. a3 d6 10. b3 Nbd7 11. Bb2 a6 12. Qc2 Rc8 13. Rad1 Qc7 14.
Qb1 Rfe8 15. Qa1 Nf8 16. Rc1 Ng6 17. Rfd1 Nf4 18. Bf1 Bxf3 19. gxf3 Qb7 20. d5 e5 21. Ne4 Nxe4 22. fxe4 Qd7 23. f3 f5 24. Bd3 fxe4 25.
fxe4 Qg4+ 26. Kf1 Qf3+ 27. Ke1 Nxd3+ 28. Rxd3 Qxd3 29. Qb1 Bh4# 0-1

[Event "Early-Titled-Tuesday-Blitz-October-24-2023"]
[Site "Chess.com"]
[Date "2023.10.24"]
[Round "9"]
[White "Kildepiotr"]
[Black "Witik"]
[Result "0-1"]
[WhiteElo "2657"]
[BlackElo "2799"]
[TimeControl "180+1"]
[EndTime "9:38:51 PDT"]
[Termination "Witik won by resignation"]

1. Nf3 Nf6 2. g3 g6 3. Bg2 Bg7 4. O-O O-O 5. d4 d5 6. c4 c6 7. Nc3 dxc4 8. a4 Na6 9. a5 c5 10. d5 Nb4 11. e4 e6 12. Nd2 exd5 13. exd5 Bf5 14. Qf3 Bd3 15. Rd1 Re8 16. d6 Rb8 17. Qf4 Nh5 18. Qg4 Nc2 19. Ra4 Nd4 20. Nxc4 Ne2+ 21. Kh1 Nxc3 22. Rxd3 Nxa4 0-1

[Event "Early-Titled-Tuesday-Blitz-October-24-2023"]
[Site "Chess.com"]
[Date "2023.10.24"]
[Round "9"]
[White "Cheer_Down"]
[Black "ZeGood_ZeBad_ZeUgly"]
[Result "0-1"]
[WhiteElo "2411"]
[BlackElo "2332"]
[TimeControl "180+1"]
[EndTime "9:39:01 PDT"]
[Termination "ZeGood_ZeBad_ZeUgly won by resignation"]

1. e4 e5 2. Nf3 Nc6 3. Bc4 Bc5 4. c3 Nf6 5. d3 d6 6. O-O a6 7. a4 h6 8. Re1 Bg4 9. Nbd2 O-O 10. Nf1 Rb8 11.
h3 Be6 12. Bxe6 fxe6 13. d4 exd4 14. cxd4 Bb4 15. Bd2 Bxd2 16. Qxd2 d5 17. exd5 exd5 18. Ng3 Qd6 19. Ra3 Rbe8 20. Rae3 Rxe3 21. Rxe3 Qf4 22. Nh5 Nxh5 0-1

[Event "Early-Titled-Tuesday-Blitz-October-24-2023"]
[Site "Chess.com"]
[Date "2023.10.24"]
[Round "9"]
[White "Estrategia_vs_Tactica"]
[Black "UK_23"]
[Result "1-0"]
[WhiteElo "2284"]
[BlackElo "2390"]
[TimeControl "180+1"]
[EndTime "9:39:18 PDT"]
[Termination "Estrategia_vs_Tactica won by resignation"]

1. d4 d5 2. Nf3 Nf6 3. g3 e6 4. Bg2 Be7 5. O-O O-O 6. c4 c6 7. Nc3 b6 8. Qc2 Ba6 9. cxd5 cxd5 10. Ne5 Nfd7 11. Bf4 Nxe5 12. dxe5 Nd7 13. Rfd1 Rc8 14. e4 dxe4 15. Bxe4 h6 16. Qa4 Nc5 17. Rxd8 Nxa4 18. Rxf8+ Bxf8 19. Nxa4 Rc4 20. Nc3 Rb4 21. b3 Bc5 22.
Be3 Bxe3 23. fxe3 Kf8 24. Rb1 Ke7 25. a3 Rxe4 26. Nxe4 Bd3 27. Nd2 Bxb1 28. Nxb1 Kd7 29. Kf2 Kc6 30. Nc3 Kc5 31. Kf3 b5 32. Ne4+ Kd5 33.
Nd6 Kxe5 34. Nxb5 a6 35. Nc3 f5 36. h4 g5 37. hxg5 hxg5 38. g4 Kd6 39. b4 Kc6 40. a4 Kb6 41. Ne2 Kc6 42. Nd4+ Kd5 43. gxf5 exf5 44.
Nxf5 Kc4 45. b5 axb5 46. Nd6+ 1-0

[Event "Early-Titled-Tuesday-Blitz-October-24-2023"]
[Site "Chess.com"]
[Date "2023.10.24"]
[Round "9"]
[White "AvitalBor"]
[Black "Drags95"]
[Result "0-1"]
[WhiteElo "2862"]
[BlackElo "2866"]
[TimeControl "180+1"]
[EndTime "9:39:34 PDT"]
[Termination "Drags95 won by resignation"]

1. e4 e5 2. Nc3 Nf6 3. Bc4 Nc6 4. d3 Bc5 5. h3 d6 6. a3 a6 7. Nge2 O-O 8. g4 Be6 9. Ng3 d5 10. Ba2 dxe4 11. Bxe6 fxe6 12. Ncxe4 Nxe4 13. Nxe4 Bb6 14. c3 Qd5 15. Qe2 Rxf2 16. Nxf2 Bxf2+ 17. Qxf2 Qxh1+ 18. Qf1 Qh2 19. Bd2 Rf8 20. Qe2 Qg1+ 0-1

[Event "Early-Titled-Tuesday-Blitz-October-24-2023"]
[Site "Chess.com"]
[Date "2023.10.24"]
[Round "9"]
[White "kleinebeer98"]
[Black "Boundless_Strike"]
[Result "1-0"]
[WhiteElo "2853"]
[BlackElo "2645"]
[TimeControl "180+1"]
[EndTime "9:39:40 PDT"]
[Termination "kleinebeer98 won by checkmate"]

1. e4 d6 2. d4 e5 3. Nf3 Bg4 4.
dxe5 Nc6 5. Bb5 Qd7 6. h3 Bh5 7. exd6 Bxd6 8. Be3 O-O-O 9. Nbd2 Nf6 10. g4 a6 11.
Bxc6 Qxc6 12. gxh5 Nxe4 13. Nxe4 Qxe4 14. Qe2 Bf4 15. O-O Rhe8 16. Rfe1 g5 17. Rad1 Rxd1 18. Qxd1 g4 19. Bxf4 Qxf4 20. Rxe8# 1-0

[Event "Early-Titled-Tuesday-Blitz-October-24-2023"]
[Site "Chess.com"]
[Date "2023.10.24"]
[Round "9"]
[White "Alexchess1984"]
[Black "surrenderPLS"]
[Result "1-0"]
[WhiteElo "2697"]
[BlackElo "2515"]
[TimeControl "180+1"]
[EndTime "9:39:43 PDT"]
[Termination "Alexchess1984 won by resignation"]

1. e4 c5 2. c3 Nf6 3. e5 Nd5 4. Bc4 Nb6 5. Bb3 c4 6. Bc2 d6 7. exd6 Qxd6 8. Nf3 Nc6 9. O-O Bg4 10. h3 Bh5 11. Re1 e6 12. b3 Be7 13. Na3 cxb3 14.
axb3 O-O 15. d4 a6 16. Nc4 Nxc4 17. bxc4 Rfd8 18. Bxh7+ Kxh7 19. Ng5+ Bxg5 20. Qxh5+ Bh6 21. Bxh6 gxh6 22. Qxf7+ Kh8 23. Rxe6 Qf8 24. Qxb7 Rac8 25. Rxc6 Rxc6 26. Qxc6 Rc8 27. Qd5 Qg8 28. Qxg8+ Kxg8 29. Rxa6 Rxc4 30. Rxh6 Rxc3 31. Rg6+ Kf7 32. Rg3 Rd3 33. Rxd3 1-0

[Event "Early-Titled-Tuesday-Blitz-October-24-2023"]
[Site "Chess.com"]
[Date "2023.10.24"]
[Round "9"]
[White "gpsji27"]
[Black "Mr_Lion22"]
[Result "0-1"]
[WhiteElo "2299"]
[BlackElo "2484"]
[TimeControl "180+1"]
[EndTime "9:40:01 PDT"]
[Termination "Mr_Lion22 won by resignation"]

1. d4 d5 2. Nf3 e6 3. Bg5 Nf6 4. e3 h6 5. Bh4 c6 6. Nbd2 Be7 7. c3 O-O 8. Bd3 Nbd7 9. O-O Re8 10. Ne5 Nxe5 11. dxe5 Nd7 12. Bxe7 Qxe7 13. f4 c5 14. Nf3 b6 15. Qe2 Bb7 16. Rae1 Rad8 17. Kh1 c4 18. Bb1 Nc5 19. Nd4 a6 20. g4 f6 21. Bg6 Rf8 22. Bb1 fxe5 23. fxe5 Qg5 24. Qc2 Nd3 25. Nxe6 d4+ 26. e4 Qxg4 27. Nxf8 Bxe4+ 28. Rxe4 Qxe4+ 29. Qg2 Qxg2+ 30. Kxg2 Rxf8 31. Rxf8+ Kxf8 32. Bxd3 cxd3 33. cxd4 d2 0-1

[Event "Early-Titled-Tuesday-Blitz-October-24-2023"]
[Site "Chess.com"]
[Date "2023.10.24"]
[Round "9"]
[White "Predator0608"]
[Black "lamomiajunior"]
[Result "1-0"]
[WhiteElo "2557"]
[BlackElo "2655"]
[TimeControl "180+1"]
[EndTime "9:40:04 PDT"]
[Termination "Predator0608 won by resignation"]

1. e4 c6 2. d4 d5 3. f3 e6 4. Nc3 Bb4 5. a3 Bxc3+ 6. bxc3 dxe4 7. a4 c5 8. Ba3 cxd4 9. cxd4 Qa5+ 10. Kf2 Nf6 11. Nh3 Nc6 12. Bb5 Bd7 13. Re1 a6 14. Bf1 exf3 15. gxf3 O-O-O 16. Rb1 Be8 17. Bc5 Nd7 18.
Bd6 Qd5 19. Bg3 Qxd4+ 20. Qxd4 Nxd4 21. Re4 Nc6 22. Rc4 h6 23. Rxc6+ 1-0

[Event "Early-Titled-Tuesday-Blitz-October-24-2023"]
[Site "Chess.com"]
[Date "2023.10.24"]
[Round "9"]
[White "AnaKuchava"]
[Black "Chessbard1972"]
[Result "0-1"]
[WhiteElo "2223"]
[BlackElo "2345"]
[TimeControl "180+1"]
[EndTime "9:40:07 PDT"]
[Termination "Chessbard1972 won by resignation"]

1. d4 d5 2. Nf3 c5 3. e3 Nf6 4. b3 Nc6 5. Bb2 e6 6. a3 Bd6 7. Bd3 Qe7 8. O-O cxd4 9. exd4 O-O 10. Re1 a6 11. Ne5 Bd7 12. Nd2 b5 13. Ndf3 Rfc8 14.
Qd2 Be8 15. h3 Ra7 16. Nxc6 Bxc6 17. Ne5 Be8 18. f4 g6 19. g4 Rac7 20. Kh1 Ne4 21.
Qg2 f6 22. Nf3 Bxf4 23. Rad1 Bc6 24. Re2 Ng3+ 0-1

[Event "Early-Titled-Tuesday-Blitz-October-24-2023"]
[Site "Chess.com"]
[Date "2023.10.24"]
[Round "9"]
[White "Korchmar_Vasiliy"]
[Black "GatoRojo150"]
[Result "1-0"]
[WhiteElo "2772"]
[BlackElo "2598"]
[TimeControl "180+1"]
[EndTime "9:40:08 PDT"]
[Termination "Korchmar_Vasiliy won by resignation"]

1. e4 e5 2. Nf3 Nc6 3. Nc3 Nf6 4. Bb5 Nd4 5. O-O Bc5 6. Bd3 d6 7. Nxd4 Bxd4 8. Ne2 Bb6 9. Ng3 h5 10. h3 Ng4 11.
Qf3 Qh4 12. Bc4 Be6 13. Nf5 Bxf5 14. Qxf5 Qg3 15. Bxf7+ Ke7 16. hxg4 hxg4 17. Bh5 Raf8 18. Qg5+ Rf6 19. Qxg7+ Ke6 20. Bxg4+ Qxg4 21. Qxg4+ 1-0

[Event "Early-Titled-Tuesday-Blitz-October-24-2023"]
[Site "Chess.com"]
[Date "2023.10.24"]
[Round "9"]
[White "Wizard_97"]
[Black "Yeremyan_ChessMate"]
[Result "0-1"]
[WhiteElo "2612"]
[BlackElo "2777"]
[TimeControl "180+1"]
[EndTime "9:40:12 PDT"]
[Termination "Yeremyan_ChessMate won by resignation"]

1. e4 c5 2. Nf3 Nc6 3. d4 cxd4 4. Nxd4 Nf6 5. Nc3 e5 6. Ndb5 d6 7. Nd5 Nxd5 8. exd5 Nb8 9. Qf3 Be7 10. Qc3 Na6 11.
Be3 O-O 12. Nxa7 Bd7 13. Bxa6 bxa6 14. Nc6 Bxc6 15. dxc6 d5 16. Qxe5 Bf6 17. Qf5 Bxb2 18. Rd1 Bc3+ 19. Bd2 Re8+ 20. Kf1 Qe7 21. Qd3 Bxd2 22.
Qxd2 d4 23. Qd3 Rac8 24. h4 Rxc6 25. Rh3 Rc3 26. Qxd4 Rxh3 27. gxh3 Qe2+ 28. Kg2 Qxc2 29. Qd7 Qe4+ 30. Kg1 h6 31. Qd3 Qxh4 32. Qf3 Re6 33. Rd8+ Qxd8 0-1

[Event "Early-Titled-Tuesday-Blitz-October-24-2023"]
[Site "Chess.com"]
[Date "2023.10.24"]
[Round "9"]
[White "pinguino120"]
[Black "LiadCuba"]
[Result "1-0"]
[WhiteElo "2224"]
[BlackElo "2346"]
[TimeControl "180+1"]
[EndTime "9:40:12 PDT"]
[Termination "pinguino120 won by checkmate"]

1. e4 c5 2. d3 Nc6 3. g3 e6 4. Bg2 Nge7 5. Nd2 g6 6. f4 Bg7 7. Ngf3 O-O 8. O-O d5 9. e5 Nf5 10. Qe2 Ncd4 11. Nxd4 Nxd4 12. Qd1 f6 13. c3 Nf5 14. Nf3 fxe5 15. fxe5 d4 16. Qe2 Bd7 17.
cxd4 cxd4 18. g4 Ne3 19. Bxe3 dxe3 20. Qxe3 Bc6 21. d4 Qb6 22. b3 Rad8 23. Rad1 Rd7 24.
Ng5 Rxf1+ 25. Rxf1 Bxg2 26. Kxg2 Rxd4 27. Qf3 Rd7 28.
Ne4 Bxe5 29. Qf8# 1-0

[Event "Early-Titled-Tuesday-Blitz-October-24-2023"]
[Site "Chess.com"]
[Date "2023.10.24"]
[Round "9"]
[White "parintele_chess"]
[Black "deepfear"]
[Result "1-0"]
[WhiteElo "2240"]
[BlackElo "1791"]
[TimeControl "180+1"]
[EndTime "9:40:13 PDT"]
[Termination "parintele_chess won by resignation"]

1. d4 Nf6 2. Bf4 g6 3. Nf3 Bg7 4. e3 O-O 5. Nbd2 d6 6. Be2 Nc6 7. h3 Nd7 8. O-O e5 9. dxe5 dxe5 10. Bg3 h6 11. c3 Qe7 12. Ne4 f5 13. Bc4+ Kh7 14.
Bh4 g5 15. Nfxg5+ hxg5 16. Qh5+ Bh6 17. Nxg5+ Kg7 18. Ne6+ Qxe6 19. Bxe6 Nf6 20. Bxf6+ Rxf6 21. Bxc8 Rxc8 22. Rad1 Rf7 23. b4 Rg8 24. b5 Nd8 25.
Rd5 Kh7 26. Rxd8 1-0

[Event "Early-Titled-Tuesday-Blitz-October-24-2023"]
[Site "Chess.com"]
[Date "2023.10.24"]
[Round "9"]
[White "EdmundPlayer"]
[Black "CHENNAIBOND"]
[Result "1-0"]
[WhiteElo "2204"]
[BlackElo "1689"]
[TimeControl "180+1"]
[EndTime "9:40:20 PDT"]
[Termination "EdmundPlayer won by resignation"]

1. Nc3 e5 2. e4 Nc6 3. Bc4 Nf6 4. d3 Bc5 5. f4 d6 6. Nf3 O-O 7. f5 Na5 8. Bg5 Nxc4 9. dxc4 c6 10. Qd3 Qe7 11.
O-O-O Rd8 12. h3 a5 13. g4 a4 14. a3 b6 15. Bxf6 Qxf6 16. g5 Qe7 17. h4 f6 18.
Rh2 Ba6 19. Rg2 b5 20. cxb5 cxb5 21. Nd5 Qf7 22. gxf6 g6 1-0

[Event "Early-Titled-Tuesday-Blitz-October-24-2023"]
[Site "Chess.com"]
[Date "2023.10.24"]
[Round "9"]
[White "artin10862"]
[Black "wannabe2700"]
[Result "1/2-1/2"]
[WhiteElo "2851"]
[BlackElo "2640"]
[TimeControl "180+1"]
[EndTime "9:40:33 PDT"]
[Termination "Game drawn by repetition"]

1. a3 e5 2. c4 f5 3. g3 Nf6 4. Bg2 g6 5. Nc3 Bg7 6. d3 O-O 7.
e3 c6 8. Nge2 d5 9. cxd5 cxd5 10.
Qb3 Be6 11. Qxb7 Nbd7 12. Nxd5 Rb8 13. Nxf6+ Rxf6 14. Qxa7 Bf8 15. O-O Nc5 16. d4 Rf7 17.
Qxb8 Qxb8 18. dxc5 Bc4 19. Re1 Qb3 20. c6 Bxe2 21.
Rxe2 Qd1+ 22. Bf1 Rc7 23. Rd2 Qb3 24. Rd3 Qa4 25. Rc3 e4 26. b3 Qa5 27. Bb2 Bg7 28. Rc2 Bxb2 29. Rxb2 Qc3 30. Raa2 Rxc6 31. b4 Qe1 32.
Rc2 Rd6 33. Re2 Qc1 34. Rec2 Qe1 35. Re2 Qc1 36. Rec2 Qe1 1/2-1/2

[Event "Early-Titled-Tuesday-Blitz-October-24-2023"]
[Site "Chess.com"]
[Date "2023.10.24"]
[Round "9"]
[White "GMSrinath"]
[Black "MKlose11"]
[Result "0-1"]
[WhiteElo "2806"]
[BlackElo "2647"]
[TimeControl "180+1"]
[EndTime "9:40:37 PDT"]
[Termination "MKlose11 won by resignation"]

1. Nf3 Nf6 2. c4 c5 3. d4 cxd4 4. Nxd4 Nc6 5. Nc3 d6 6. g3 g6 7.
Bg2 Bd7 8. O-O Bg7 9. Rb1 O-O 10.
Nc2 Qa5 11. h3 Qh5 12. g4 Bxg4 13. hxg4 Nxg4 14. Bf4 Be5 15. Qd2 g5 16. Bxe5 Ncxe5 17. Rfd1 Qh4 18. Ne4 h6 19. e3 f5 20. Nc3 f4 21. Ne4 f3 22. Qd5+ Kh8 23. Bxf3 Rxf3 24. Kf1 Raf8 25. Ke2 Rxf2+ 0-1

[Event "Early-Titled-Tuesday-Blitz-October-24-2023"]
[Site "Chess.com"]
[Date "2023.10.24"]
[Round "9"]
[White "AndresDelgado77"]
[Black "dennisodessa"]
[Result "0-1"]
[WhiteElo "2340"]
[BlackElo "2545"]
[TimeControl "180+1"]
[EndTime "9:40:38 PDT"]
[Termination "dennisodessa won by resignation"]

1. e4 e6 2. d4 d5 3. e5 c5 4.
c3 Qa5 5. dxc5 Qc7 6. Nf3 Bxc5 7. Qa4+ Nc6 8. Qg4 Nge7 9. Qxg7 Rg8 10. Qf6 Ng6 11. Bb5 Be7 12. Bg5 Bxf6 13. Bxf6 Bd7 14. a4 Ncxe5 15. Nbd2 Nxf3+ 16. Nxf3 Bxb5 17. axb5 e5 18. O-O Qd6 19. Bg5 f6 20. Be3 Kf7 21. b4 b6 22. Ra6 Rgc8 23. Rfa1 Rxc3 24. g3 d4 25. Rxa7+ Rxa7 26. Rxa7+ Ke6 27. Nd2 dxe3 28. Ne4 e2 0-1

[Event "Early-Titled-Tuesday-Blitz-October-24-2023"]
[Site "Chess.com"]
[Date "2023.10.24"]
[Round "9"]
[White "cthulhuuu"]
[Black "nitpicker"]
[Result "1-0"]
[WhiteElo "2406"]
[BlackElo "2254"]
[TimeControl "180+1"]
[EndTime "9:40:44 PDT"]
[Termination "cthulhuuu won by resignation"]

1. e4 c5 2. Nf3 Nc6 3. g3 d6 4.
Bg2 g6 5. O-O Bg7 6. d3 e5 7.
Nc3 Nge7 8. Nd2 Be6 9. Nc4 d5 10. exd5 Nxd5 11. Ne4 b6 12. Ned6+ Kf8 13. a4 h6 14. c3 Bf6 15. f4 Kg7 16. f5 gxf5 17. Nxf5+ Bxf5 18. Rxf5 Nde7 19. Qg4+ Ng6 20. Bxc6 h5 21.
Qf3 Rc8 22. Be4 Qe7 23. Be3 Nf8 24. Rf1 Nd7 25. Bg5 1-0

[Event "Early-Titled-Tuesday-Blitz-October-24-2023"]
[Site "Chess.com"]
[Date "2023.10.24"]
[Round "9"]
[White "Jospem"]
[Black "c63_amg"]
[Result "1-0"]
[WhiteElo "3127"]
[BlackElo "2818"]
[TimeControl "180+1"]
[EndTime "9:40:45 PDT"]
[Termination "Jospem won on time"]

1. e4 e6 2. d4 d5 3. Nc3 dxe4 4.
Nxe4 Bd7 5. Nf3 Bc6 6. Bd3 Nd7 7.
Qe2 Ngf6 8. Neg5 Bxf3 9. Nxf3 c6 10. c3 Bd6 11. O-O O-O 12. Re1 Qc7 13. Ne5 c5 14.
Bg5 h6 15. Bh4 cxd4 16. cxd4 Rac8 17. Rad1 Nd5 18. Bg3 Nxe5 19. dxe5 Bb4 20. Rf1 Rfd8 21. h4 Ne7 22. Qe4 Bc5 23. Qh7+ Kf8 24. Qh8+ Ng8 25. Bh7 Rxd1 26. Rxd1 Ke7 27. Qxg7 1-0

[Event "Early-Titled-Tuesday-Blitz-October-24-2023"]
[Site "Chess.com"]
[Date "2023.10.24"]
[Round "9"]
[White "hsd2016"]
[Black "Aleksandar-Topalov"]
[Result "0-1"]
[WhiteElo "2259"]
[BlackElo "2385"]
[TimeControl "180+1"]
[EndTime "9:40:51 PDT"]
[Termination "Aleksandar-Topalov won by resignation"]

1. e4 e6 2. d4 d5 3. Nd2 Nf6 4. e5 Ng8 5. f4 Ne7 6. Bd3 h5 7. Ngf3 g6 8. c3 Qd7 9. Nb3 b6 10. a4 a5 11. Be3 Ba6 12. Nc1 Bxd3 13. Nxd3 Nf5 14. Bf2 Be7 15. h3 h4 16. O-O Na6 17.
Qe1 c5 18. dxc5 bxc5 19. Rd1 c4 20. Nc1 Rb8 21. Rd2 Qxa4 22. Ne2 Nc5 23. Bxc5 Bxc5+ 24. Ned4 Qd7 25. Qa1 a4 26. Kh2 Nxd4 27. Nxd4 Bxd4 28. Rxd4 Rb3 29. Qa2 Qb5 30. Rd2 O-O 31. Ra1 Rb8 32.
Qxa4 Qxa4 33. Rxa4 Rxb2 34. Rd1 Rc2 0-1

[Event "Early-Titled-Tuesday-Blitz-October-24-2023"]
[Site "Chess.com"]
[Date "2023.10.24"]
[Round "9"]
[White "Nekoo04"]
[Black "Lady_Nika"]
[Result "0-1"]
[WhiteElo "2297"]
[BlackElo "2483"]
[TimeControl "180+1"]
[EndTime "9:40:55 PDT"]
[Termination "Lady_Nika won on time"]

1. d4 d5 2. c4 e6 3. Nf3 f5 4. Nc3 Nf6 5. g3 c6 6. Bg2 Bd6 7. O-O O-O 8. Qc2 Ne4 9. Rb1 Nd7 10. b4 Qe7 11. c5 Bc7 12. b5 e5 13. e3 Nxc3 14. Qxc3 e4 15. Nd2 Nf6 16. a4 g5 17.
b6 axb6 18. cxb6 Bd6 19. a5 f4 20. gxf4 gxf4 21. exf4 Bxf4 22. Re1 Ng4 23. Nf1 Bxc1 24. Rbxc1 Nxf2 25. Re3 Kh8 26. Rce1 Be6 27. Rg3 Rf6 28. Re2 Nd3 29. Ne3 Raf8 30. h3 Qd6 31. Rg5 Qf4 32.
Re5 Nxe5 33. dxe5 Rg6 34. Qd4 Rfg8 35. Ng4 h5 36. Nf6 Qf3 0-1

[Event "Early-Titled-Tuesday-Blitz-October-24-2023"]
[Site "Chess.com"]
[Date "2023.10.24"]
[Round "9"]
[White "Shivananda1964"]
[Black "knightinshiningarmour16"]
[Result "1-0"]
[WhiteElo "2397"]
[BlackElo "2171"]
[TimeControl "180+1"]
[EndTime "9:40:58 PDT"]
[Termination "Shivananda1964 won by resignation"]

1. e4 c6 2. d4 d5 3. f3 dxe4 4. fxe4 e5 5. Nf3 Nf6 6. Bc4 exd4 7. O-O c5 8. Ng5 Be6 9. Bxe6 fxe6 10. e5 Nd5 11.
Nf7 Qc7 12. Nxh8 Qxe5 13. Qf3 Nd7 14. Nf7 Qc7 15. Bg5 N7f6 16. Bxf6 gxf6 17. Ng5 O-O-O 18. Nxe6 1-0

[Event "Early-Titled-Tuesday-Blitz-October-24-2023"]
[Site "Chess.com"]
[Date "2023.10.24"]
[Round "9"]
[White "jcibarra"]
[Black "djano"]
[Result "1-0"]
[WhiteElo "2921"]
[BlackElo "2676"]
[TimeControl "180+1"]
[EndTime "9:41:00 PDT"]
[Termination "jcibarra won by resignation"]

1. d4 d5 2. Bf4 c5 3. e3 Nc6 4.
Nc3 cxd4 5. exd4 Bf5 6. Nf3 e6 7. Ne5 Bd6 8. Nxc6 bxc6 9. Bxd6 Qxd6 10. Na4 Ne7 11. Be2 O-O 12. O-O e5 13. dxe5 Qxe5 14.
c3 Ng6 15. Re1 Qf6 16. Bf1 Rab8 17. b4 h6 18. Qd2 Nh4 19. Re3 Qg5 20. Qd4 Ng6 21.
Rae1 Be6 22. Nc5 Bc8 23. Bd3 Qd8 24. Bxg6 fxg6 25. Re7 Rf6 26. Re8+ 1-0

[Event "Early-Titled-Tuesday-Blitz-October-24-2023"]
[Site "Chess.com"]
[Date "2023.10.24"]
[Round "9"]
[White "Larina_Maria"]
[Black "abelmat"]
[Result "1-0"]
[WhiteElo "2232"]
[BlackElo "2001"]
[TimeControl "180+1"]
[EndTime "9:41:01 PDT"]
[Termination "Larina_Maria won on time"]

1. e4 e6 2. Nf3 d5 3. e5 c5 4.
b4 cxb4 5. a3 Ne7 6. axb4 Ng6 7.
c3 Be7 8. d4 O-O 9. Bd3 a5 10.
h4 Nc6 11. h5 Nh8 12. b5 Na7 13. Qc2 g6 14. Bh6 Re8 15. Rh3 Bd7 16. Rg3 Nxb5 17.
hxg6 hxg6 18. Bxg6 fxg6 19. Rxg6+ 1-0

[Event "Early-Titled-Tuesday-Blitz-October-24-2023"]
[Site "Chess.com"]
[Date "2023.10.24"]
[Round "9"]
[White "FGHSMN"]
[Black "Sokoloco"]
[Result "0-1"]
[WhiteElo "2878"]
[BlackElo "2762"]
[TimeControl "180+1"]
[EndTime "9:41:03 PDT"]
[Termination "Sokoloco won by resignation"]

1. d4 d6 2. Nf3 g6 3. e4 Bg7 4. Nc3 a6 5. a4 b6 6. Be2 Bb7 7. O-O Nf6 8. d5 O-O 9. Be3 c6 10. Qd2 Nbd7 11. Rad1 Nc5 12. dxc6 Bxc6 13. e5 Nfe4 14.
Nxe4 Nxe4 15. Qb4 a5 16. Qa3 Qc7 17. exd6 Nxd6 18. Nd4 Bd7 19. c3 Nc4 20. Bxc4 Qxc4 21. Qxe7 Bxa4 22. Rd2 Rfe8 23. Qd6 Be5 24. Qa3 Bd7 25. Nf3 Bc6 26. Nxe5 Rxe5 27. Rd4 Qe2 28. h4 Rxe3 29. Qd6 Rae8 30. Qxc6 Qxf1+ 31. Kh2 Qxf2 32. Rg4 Re1 0-1